 Dungeon Crawl Stone Soup version 0.31-a0-675-g238779eb0a (webtiles) character file.

Game seed: 11313106130965553503

19 Xavori the Trooper (level 2, -1/18 (21) HPs)
             Began as an Octopode Chaos Knight on Sept 5, 2023.
             Was a Plaything of Xom.
             Slain by Sigmund
             ... wielding a +0 scythe
              (10 damage)
             ... on level 2 of the Dungeon.
             The game lasted 00:02:15 (9916 turns).

Xavori the Trooper (Octopode Chaos Knight)          Turns: 9916, Time: 00:02:16

HP:   -1/18 (21)    AC:  1    Str:  8 (11) XL:     2   Next: 75%
MP:   2/2           EV: 13    Int: 13 (14) God:    Xom [*.....]
Gold: 67            SH:  0    Dex:  7 (11) Spells: 1/1 levels left

rFire   . . .        e - +1 dagger (venom)
rCold   . . .        (no shield)
rNeg    . . .        (helmet restricted)
rPois   .            f - amulet of faith
rElec   .            h - ring of willpower
rCorr   .            (no ring)
SInv    .            (no ring)
Will    +....        (no ring)
Stlth   ++           (no ring)
HPRegen 0.00/turn    (no ring)
MPRegen 0.08/turn    (no ring)
                     (no ring)

%: faith
@: inhibited regen, heavily drained
A: almost no armour, amphibious, 8 rings, camouflage 1, gelatinous body 1,
(nimble swimmer 1), tentacles, tentacle spike 2, deterioration 2, screaming 1,
inhibited regeneration, inability to read after injury 1
a: Renounce Religion


You were on level 2 of the Dungeon.
You worshipped Xom.
You were a special plaything of Xom.
You visited 1 branch of the dungeon, and saw 2 of its levels.

You collected 67 gold pieces.

Inventory:

Hand Weapons
 a - a +0 short sword of chaos
 e - a +1 dagger of venom (weapon)
Jewellery
 f - an amulet of faith (around mantle)
 h - a ring of willpower (left tentacle)
Talismans
 i - a flux talisman
Wands
 j - a wand of roots (4)
 k - a wand of digging (5)
Scrolls
 b - a scroll of butterflies
 d - a scroll of amnesia {unknown}
Potions
 c - 5 potions of curing {unknown}
 g - a potion of might {unknown}


   Skills:
 + Level 3.5 Fighting
 + Level 3.2 Short Blades
 + Level 2.5 Dodging
 + Level 0.4 Stealth


You had one spell level left.
You didn't know any spells.
Your spell library was empty.

Dungeon Overview and Level Annotations

Branches:
Dungeon (2/15)

Altars:

Annotations:
D:2 Sigmund


Innate Abilities, Weirdness & Mutations

You cannot wear most types of armour.
You are amphibious.
You can wear up to eight rings at the same time.
Your skin changes colour to match your surroundings (Stealth+).
Your rubbery body absorbs attacks. (AC +1, EV +1)
((You are camouflaged when in or above water. (Stealth+)))
You have tentacles for arms and can constrict up to eight enemies at once.
One of your tentacles bears a nasty spike.
Your body often deteriorates upon taking damage.
You occasionally shout uncontrollably at your foes.
You do not regenerate when monsters are visible.
You occasionally lose the ability to read scrolls when taking damage.


Message History

Done waiting.
You start waiting.
Done waiting.
You start waiting.
Done waiting.
You start waiting.
Xom's power brushes against you for a moment.
Your body is suffused with distortional energy.
You feel the urge to shout.
You start waiting.
Done waiting.
You start waiting. "Let's see if it's strong enough to survive yet."
There are monsters nearby!
There are monsters nearby!
There are monsters nearby!
There are monsters nearby!
The kobold misses you. The goblin barely misses you.
You climb downwards.
Level annotation: Sigmund The hobgoblin hits you but does no damage.
There is a stone staircase leading up here.
You hit the hobgoblin.
The hobgoblin is poisoned.
You grab the hobgoblin.
You pierce the hobgoblin.
The hobgoblin is almost dead.
You constrict the hobgoblin.
You kill the hobgoblin!
Sigmund points at you and mumbles some strange words.
The puff of flame hits you!
Ouch! That really hurt!
Your body deteriorates!
You feel clumsy. Sigmund misses you.
You hit Sigmund but do no damage.
Sigmund is poisoned.
You grab Sigmund.
You pierce Sigmund.
Sigmund is lightly wounded.
You constrict Sigmund. Sigmund hits you with a +0 scythe!
Ouch! That really hurt!
You die...
Sigmund begins carving another notch in his scythe.
Xom roars with laughter!

# # .# #.#.
.#
##.#.###.####
... ..<....
#..#.#..#
#..#.#..#
#.......#
#.##<##.###
#....@@...#
#............
#.##.#.#####.
..$ #.#.# ...
#.#.# ...
#.#.# ###
#.#.# #. ..


You could see Sigmund (very poisoned).

Vanquished Creatures
  A gnoll (D:1)
  A ball python (D:1)
  An endoplasm (D:1)
  3 hobgoblins
  A quokka (D:1)
  A kobold (D:1)
  A rat (D:1)
9 creatures vanquished.

Notes
Turn   | Place    | Note
-------+----------+-------------------------------------------
     0 | D:1      | Xavori the Octopode Chaos Knight began the quest for the
                  | Orb.
     0 | D:1      | Reached XP level 1. HP: 16/16 MP: 1/1
    23 | D:1      | XOM: divination: detect creatures
   102 | D:1      | XOM: divination: detect creatures
   140 | D:1      | Reached XP level 2. HP: 4/21 MP: 2/2
   743 | D:1      | XOM: cloud trail
   935 | D:1      | XOM is BORED!
   935 | D:1      | XOM: noise
   939 | D:1      | XOM: cloud trail
  1146 | D:1      | XOM: god gift: gold wand {god gift}
  1156 | D:1      | XOM: silly message
  2384 | D:1      | XOM: 1-stop teleportation journey
  2550 | D:1      | XOM: god gift: wand of digging (5)
  2599 | D:1      | XOM is BORED!
  2599 | D:1      | XOM: give mutations
  2599 | D:1      | Gained mutation: Your muscles are strong. (Str +4, Int/Dex
                  | -1) [Xom's mischief]
  2599 | D:1      | Gained mutation: Your magical capacity is low. (-10% MP)
                  | [Xom's mischief]
  2639 | D:1      | XOM: god gift: 6 stones
  2799 | D:1      | XOM: give mutations
  2799 | D:1      | Gained mutation: You are partially covered in iridescent
                  | scales. (AC +2) [Xom's mischief]
  2799 | D:1      | Lost mutation: Your muscles are strong. (Str +4, Int/Dex
                  | -1) [Xom's mischief]
  2846 | D:1      | XOM: cloud trail
  3106 | D:1      | XOM: give mutations
  3106 | D:1      | Gained mutation: Your muscles are strong. (Str +4, Int/Dex
                  | -1) [Xom's grace]
  3106 | D:1      | Gained mutation: One of your tentacles bears a spike.
                  | [Xom's grace]
  3432 | D:1      | XOM: give mutations
  3432 | D:1      | Lost mutation: You are partially covered in iridescent
                  | scales. (AC +2) [Xom's mischief]
  3432 | D:1      | Gained mutation: Your magical capacity is very low. (-20%
                  | MP) [Xom's mischief]
  3432 | D:1      | Gained mutation: You are frail. (-10% HP) [Xom's mischief]
  3432 | D:1      | Gained mutation: You are resistant to electric shocks.
                  | (rElec) [Xom's mischief]
  3771 | D:1      | XOM: give mutations
  3771 | D:1      | Gained mutation: You have hidden genetic defects. [Xom's
                  | mischief]
  3771 | D:1      | Gained mutation: You are very frail. (-20% HP) [Xom's
                  | mischief]
  3771 | D:1      | Gained mutation: Your body sometimes deteriorates upon
                  | taking damage. [Xom's mischief]
  4126 | D:1      | XOM: summons 2 hostile demons
  4150 | D:2      | XOM: silly message
  4307 | D:2      | XOM: give mutations
  4307 | D:2      | Lost mutation: Your magical capacity is very low. (-20% MP)
                  | [Xom's mischief]
  4307 | D:2      | Lost mutation: You are very frail. (-20% HP) [Xom's
                  | mischief]
  4307 | D:2      | Lost mutation: Your body sometimes deteriorates upon taking
                  | damage. [Xom's mischief]
  4307 | D:2      | Lost mutation: Your muscles are strong. (Str +4, Int/Dex
                  | -1) [Xom's mischief]
  4389 | D:2      | XOM: stat loss: -1 Int (13/14)
  4439 | D:1      | XOM: summons 1 hostile demon
  4963 | D:1      | XOM: give mutations
  4963 | D:1      | Gained mutation: Your body sometimes deteriorates upon
                  | taking damage. [Xom's mischief]
  4963 | D:1      | Lost mutation: Your magical capacity is low. (-10% MP)
                  | [Xom's mischief]
  4963 | D:1      | Gained mutation: Your spells are a little harder to cast,
                  | but a little more powerful. [Xom's mischief]
  4966 | D:1      | XOM: noise
  6167 | D:1      | XOM is BORED!
  6167 | D:1      | XOM: noise
  7071 | D:1      | XOM: silly message
  7343 | D:1      | XOM is BORED!
  7343 | D:1      | XOM: noise
  7424 | D:1      | XOM: god gift: 20 gold pieces
  7666 | D:1      | XOM: draining
  7895 | D:1      | XOM is BORED!
  7895 | D:1      | XOM: give mutations
  7895 | D:1      | Lost mutation: You are frail. (-10% HP) [Xom's mischief]
  7895 | D:1      | Lost mutation: You have hidden genetic defects. [Xom's
                  | mischief]
  7895 | D:1      | Lost mutation: Your spells are a little harder to cast, but
                  | a little more powerful. [Xom's mischief]
  8186 | D:1      | XOM: give mutations
  8186 | D:1      | Gained mutation: Your body often deteriorates upon taking
                  | damage. [Xom's mischief]
  8186 | D:1      | Gained mutation: You do not regenerate when monsters are
                  | visible. [Xom's mischief]
  8186 | D:1      | Gained mutation: You are strong-willed. (Will+) [Xom's
                  | mischief]
  8186 | D:1      | Gained mutation: One of your tentacles bears a nasty spike.
                  | [Xom's mischief]
  8248 | D:1      | XOM: summons 2 hostile demons
  8249 | D:1      | Noticed a crimson imp
  8318 | D:2      | XOM: noise
  8509 | D:1      | XOM: stat loss: -1 Str (10/11)
  8687 | D:1      | XOM: divination: magic mapping
  8864 | D:1      | XOM: stat loss: -1 Dex (10/11)
  9061 | D:1      | XOM: give mutations
  9061 | D:1      | Lost mutation: You are strong-willed. (Will+) [Xom's
                  | mischief]
  9061 | D:1      | Lost mutation: You are resistant to electric shocks.
                  | (rElec) [Xom's mischief]
  9061 | D:1      | Gained mutation: You occasionally lose the ability to read
                  | scrolls when taking damage. [Xom's mischief]
  9195 | D:1      | XOM: summons 2 hostile demons
  9197 | D:2      | XOM: butterfly on damage
  9199 | D:2      | Noticed Sigmund
  9289 | D:1      | XOM: silly message
  9719 | D:1      | XOM: give mutation
  9719 | D:1      | Gained mutation: You occasionally shout uncontrollably at
                  | your foes. [Xom's mischief]
  9911 | D:1      | XOM: summons 4 hostile shadow creatures
  9916 | D:2      | Slain by Sigmund

Illustrated notes

Levels and vault maps discovered:
D:1:      dpeg_arrival_rhombus, layout_basic
D:2:      layout_loops_cross, uniq_sigmund

Action                     || total
---------------------------++-------
  Melee: Short sword       ||     7
         Constrict         ||    10
         Tentacles         ||     9
         Dagger            ||    18
         Kick              ||     5
   Stab: Sleeping          ||     2
 Armour: Skin              ||    13
  Dodge: Dodged            ||    25

Table legend: (Time is in decaauts)
 A = Elapsed time spent in this place.
 B = Non-inter-level travel time spent in this place.
 C = Inter-level travel time spent in this place.
 D = Time resting spent in this place.
 E = Time spent auto-exploring this place.
 F = Levels seen in this place.
 G = Mean time per level.
                   A        B        C        D        E       F      G
               +--------+--------+--------+--------+--------+-----+--------+
         Total |   9917 |   9876 |     41 |   9259 |    483 |   2 | 4958.5 |
       Dungeon |   9917 |   9876 |     41 |   9259 |    483 |   2 | 4958.5 |
               +--------+--------+--------+--------+--------+-----+--------+

Top non-repeatable levels by time:
     D:1: 9212 daAuts
     D:2: 705 daAuts
